Cogmind - Beta 17.1 @@@ ROGUE MODE // 2026.09.04 @ 15:04:58 Player: lavinia Result: Destroyed by G-47 Trooper with Particle Gun Performance ------------- Evolutions (0) 0 Regions Visited (1) 200 Robots Destroyed (12) 60 Value Destroyed (228) 228 Prototype IDs (0) 0 Alien Tech Used (0) 0 Bonus (0) 0 TOTAL SCORE: 488 Bonus ------- None Cogmind --------- Core Integrity 0/250 Matter 293/300 Energy 92/100 System Corruption 2% Temperature Cool (9) Movement Walking (260) Ox2 Location -10/Materials Parts ------- > --- POWER (1) -------- (None) > --- PROPULSION (2) --- Aluminum Leg > --- UTILITY (2) ------ Large Storage Unit > --- WEAPON (2) ------- Small Laser > --- INVENTORY (15) --- Aluminum Leg High-capacity Storage Unit Huge Storage Unit Medium Matter Pod (100) Signal Interpreter Terrain Scanner ECM Suite Tractor Beam Peak State ------------ > --- POWER ------------ Ion Engine > --- PROPULSION ------- Wheel Compact Wheel > --- UTILITY ---------- Large Storage Unit Seismic Detector > --- WEAPON ----------- Mining Claw Mining Claw > --- INVENTORY -------- Aluminum Leg Small Storage Unit Medium Matter Pod Weight Redist. System Terrain Scanner ECM Suite Tractor Beam Small Laser Assault Rifle [Rating: 8] Favorites ----------- Power Ion Engine Engine Ion Engine Propulsion Wheel Leg Aluminum Leg Wheel Wheel Utility Small Storage Unit Device Seismic Detector Storage Small Storage Unit Weapon Small Laser Energy Gun Small Laser Ballistic Gun Assault Rifle Slashing Weapon Mining Claw Build | -11 -10 ------- Run | Yrd Mat Slots Evolved . | . . Power . | . . Propulsion . | . . Utility . | . . Weapon . | . . Parts Attached 19 | 7 12 Power 2 | 1 1 Engine 2 | 1 1 Core . | . . Reactor . | . . Propulsion 7 | 2 5 Treads . | . . Leg 3 | . 3 Wheel 4 | 2 2 Hover . | . . Flight . | . . Utility 5 | 2 3 Device 3 | 1 2 Storage 2 | 1 1 Processor . | . . Hackware . | . . Protection . | . . Artifact . | . . Weapon 5 | 2 3 Energy Gun 1 | 1 . Energy Cannon . | . . Ballistic Gun 2 | 1 1 Ballistic Cannon . | . . Launcher . | . . Special Weapon . | . . Impact Weapon . | . . Slashing Weapon 2 | . 2 Piercing Weapon . | . . Special Melee Weapon . | . . Unidentified Prototypes . | . . Parts Lost 11 | . 11 Power 1 | . 1 Propulsion 5 | . 5 Utility 2 | . 2 Weapon 3 | . 3 Highest Loss Streak 6 | . 6 To Critical Strikes . | . . Average Backups 6 | . 6 Power . | . . Propulsion . | . . Utility 4 | . 5 Weapon . | . . Tool/Special . | . . Unused Backups 7 | . 7 Power . | . . Propulsion . | . . Utility 7 | . 7 Weapon . | . . Tool/Special . | . . Average Slot Usage (%) 89 | . 89 Engine 9 | . 9 Leg 7 | . 7 Wheel 17 | . 17 Device 11 | . 11 Storage 13 | . 13 Energy Gun 10 | . 10 Ballistic Gun 10 | . 10 Slashing Weapon 6 | . 6 Peak Build Rating 8 | 7 8 Average Rating 6 | 5 6 On Entrance 3 | . 7 Avg Prop Armor Cover (%) . | . . Naked Turns . | . . Heaviest Build 30 | 14 30 Greatest Support 26 | 26 26 Greatest Overweight (x) 2 | . 2 Average Overweight (x) . | . . Largest Inventory Capacity 15 | 8 15 Average Capacity 11 | 7 11 Most Carried 10 | 4 10 Average Carried 6 | . 6 Final Capacity 15 | 8 15 Final Carried 8 | 1 8 Class Distribution -------------------- 100% | Mutant Dominant Class ---------------- Mutant | -10/Materials Resources | -11 -10 ----------- Run | Yrd Mat Matter Collected 664 | 285 379 Remotely 231 | 102 129 Salvage Created 468 | 90 378 Parts 24 | 1 23 Haulers Intercepted 2 | . 2 Recyclers Shooed . | . . Parts Field Recycled . | . . Retrieved Matter . | . . Parts Self-Destructed . | . . Prevented . | . . Parts Restored . | . . Kills | -11 -10 ------- Run | Yrd Mat Combat Hostiles Destroyed 5 | . 5 Melee 1 | . 1 Guns 4 | . 4 Classes Destroyed 5 | 1 4 Worker 1 | . 1 Tunneler 3 | . 3 Hauler 2 | . 2 Recycler 1 | 1 . Grunt 5 | . 5 Best Kill Streak 2 | 1 2 Combat Bots Only 2 | . 2 Max Kills in Single Turn 1 | 1 1 Gunslinging . | . . Exploded . | . . Melee 1 | . 1 Uniques/NPCs Destroyed . | . . Combat | -11 -10 -------- Run | Yrd Mat Hostile Shots Fired 102 | . 102 Missed 22 | . 22 Hits 80 | . 80 Projectile 80 | . 80 Critical Strikes 2 | . 2 Damage Taken 1059 | . 1059 Core 263 | . 263 Absorbed by Shields . | . . Core Remaining (%) 100 | 100 . Volleys Fired 37 | 5 32 Largest 2 | 2 2 Hottest 60 | 60 60 Shots Fired 71 | 10 61 Gun 71 | 10 61 Cannon . | . . Launcher . | . . Special . | . . Kinetic 34 | 5 29 Thermal 37 | 5 32 Explosive . | . . Electromagnetic . | . . Robot Hit Streak 19 | 10 19 Robot Miss Streak 3 | . 3 Penetration Max . | . . Secondary Targets . | . . Shots Hit Robots 69 | 10 59 Core Hits 19 | 2 17 Critical Kills . | . . Critical Parts Destroyed . | . . Critical Strikes . | . . Melee Attacks 19 | . 19 Impact . | . . Slashing 19 | . 19 Piercing . | . . Sneak Attacks 3 | . 3 Combat Hostiles . | . . Follow-up Attacks . | . . Damage Inflicted 1053 | 127 926 Guns 628 | 127 501 Cannons . | . . Explosions . | . . Melee 425 | . 425 Ramming . | . . Kinetic 315 | 71 244 Thermal 313 | 56 257 Explosive . | . . Electromagnetic . | . . Impact . | . . Slashing 425 | . 425 Piercing . | . . Highest Corruption 2 | . 2 Average Corruption 2 | . 2 Corruption Purged . | . . Corruption Blocked . | . . Effects 6 | . 6 Message Errors 3 | . 3 Matter Fused 2 | . 2 Energy Discharges 1 | . 1 Overload Shots . | . . Overflow Damage 20 | . 20 Projectiles . | . . Explosions . | . . Melee 20 | . 20 Knockbacks . | . . Impact . | . . Kinetic . | . . Secondary . | . . Self-Inflicted Damage . | . . Shots . | . . Rammed . | . . Targets Rammed . | . . Kicked . | . . Crushed . | . . Highest Temperature 36 | . 36 Average Temperature 15 | . 15 Received Heat Transfer 642 | . 642 Siege Activations . | . . Martial Activations . | . . Shielding Activations . | . . Robots Disrupted . | . . Combat Hostiles . | . . Robots Corrupted . | . . Combat Hostiles . | . . Parts Fried . | . . Impact Corruptions . | . . Robots Melted . | . . Combat Hostiles . | . . Parts Melted 1 | . 1 Heat Transferred 700 | 125 575 Parts Sabotaged . | . . Parts Stolen . | . . Parts Stripped . | . . Power Chain Reactions . | . . Alert | -11 -10 ------- Run | Yrd Mat Maximum Alert Level . | . . Low Security (%) 100 | 100 100 Level 1 . | . . Level 2 . | . . Level 3 . | . . Level 4 . | . . Level 5 . | . . High Security . | . . Max Security . | . . Peak Influence 94 | 5 94 Initial . | . . Average 21 | . 23 Influence Increases 326 | 5 321 Destroy 0b10 Robot/C 100 | . 100 Destroy 0b10 Robot/NC 35 | 5 30 Destroy Leader 24 | . 24 Successful Hack 77 | . 77 Lose Combat Pursuer 90 | . 90 Influence Decreases 326 | 5 321 Time Decay 246 | 5 241 Lost Part 70 | . 70 Lost Ally 10 | . 10 Squads Dispatched . | . . Investigation . | . . Extermination . | . . Reinforcement . | . . Assault . | . . Garrison . | . . Intercept . | . . Searches Triggered . | . . Construction Impeded . | . . Haulers Reinforced . | . . Active Scanning Responses . | . . Cargo Convoy Interrupts . | . . Stealth | -11 -10 --------- Run | Yrd Mat Distress Signals 2 | . 2 Communications Jammed . | . . Distress Signals . | . . Times Spotted 18 | . 18 Peak Tracking Total 5 | . 5 Tactical Retreats 4 | . 4 Traps | -11 -10 ------- Run | Yrd Mat Traps Triggered 1 | . 1 Indirectly . | . . Trap Hack Attempts . | . . Triggered . | . . Disarmed . | . . Reprogrammed . | . . Reused . | . . Traps Extracted . | . . Installed . | . . Triggered . | . . Machines | -11 -10 ---------- Run | Yrd Mat Machines Disabled . | . . Max in Single Turn . | . . Machines Repaired . | . . Machines Dismantled . | . . Machines Sabotaged . | . . Overloaded Fab Kills . | . . Hacking | -11 -10 --------- Run | Yrd Mat Machines Accessed 7 | . 7 Terminals 5 | . 5 Fabricators . | . . Repair Stations 1 | . 1 Recycling Units 1 | . 1 Scanalyzers . | . . Garrison Access . | . . Total Hacks 35 | . 35 Successful 19 | . 19 Failed 16 | . 16 Catastrophic 2 | . 2 Database Lockouts . | . . Manual 26 | . 26 Terminals 31 | . 31 Fabricators . | . . Repair Stations 1 | . 1 Recycling Units 3 | . 3 Scanalyzers . | . . Garrison Access . | . . Terminal Hacks 4 | . 4 Record 1 | . 1 Terminal Index 1 | . 1 Alert Level 1 | . 1 Registered Components 1 | . 1 Fabricator Hacks . | . . Repair Station Hacks . | . . Recycling Unit Hacks 3 | . 3 Process 1 | . 1 Report Inventory 2 | . 2 Scanalyzer . | . . Garrison Access Hacks . | . . Unauthorized Hacks 12 | . 12 Terminals 11 | . 11 Track 1 | . 1 Assimilate 1 | . 1 Botnet 5 | . 5 Operators 1 | . 1 Skim 3 | . 3 Fabricators . | . . Repair Stations 1 | . 1 Mechanics 1 | . 1 Recycling Units . | . . Scanalyzers . | . . Garrison Access . | . . Data Cores Recovered . | . . Used . | . . Hacking Detections 7 | . 7 Full Trace Events . | . . Feedback Events . | . . Feedback Blocked . | . . Robot Schematics Acquired . | . . Robots Built . | . . Authchips . | . . Time . | . . Total Robot Build Rating . | . . Part Schematics Acquired . | . . Parts Built . | . . Authchips . | . . Time . | . . Total Part Build Rating . | . . Part Studies Acquired . | . . Parts Repaired . | . . Time . | . . Parts Recycled . | . . Recycled Matter 178 | . 178 Retrieved Matter . | . . Retrieved Components . | . . Parts Scanalyzed . | . . Part Schematics Acquired . | . . Parts Damaged . | . . Bothacking | -11 -10 ------------ Run | Yrd Mat Used RIF Installer . | . . Robots Hacked . | . . Non-combat . | . . Combat . | . . Robot Hacks Applied . | . . Relay Couplers Released . | . . Fabnet Peak Effective % . | . . Robots Rewired . | . . Allies Hacked . | . . Hacks Repelled . | . . Allies | -11 -10 -------- Run | Yrd Mat Total Allies 1 | . 1 Largest Group 1 | . 1 Highest-Rated Group 10 | . 10 Highest-Rated Ally 10 | . 10 Total Orders . | . . Ally Attacks . | . . Total Damage . | . . Kills . | . . Allies Corrupted . | . . Allies Melted . | . . Intel | -11 -10 ------- Run | Yrd Mat Active Infowar (turns) 352 | . 352 Seismic 352 | . 352 Robot Analysis Total . | . . Derelict Logs Recovered . | . . Drone Launches . | . . Drone Recoveries . | . . Exploration | -11 -10 ------------- Run | Yrd Mat Turns Passed 874 | 68 806 Spaces Moved 510 | 46 464 Core 5 | 5 . Treads . | . . Legs 67 | . 67 Wheels 438 | 41 397 Hover . | . . Flight . | . . Fastest Speed 50 | 50 80 Average Speed 98 | 85 100 Slowest Speed 260 | 90 260 Overloaded Moves . | . . Propulsion Burnouts . | . . Robots Hopped . | . . Potential Cave-ins . | . . Cave-ins Triggered . | . . Exploration Rate (%) 39 | 4 75 Regions Visited 1 Branch Regions . Pre-discovered Areas . | . . Known Exits Taken . | . . Unknown Exits Taken 1 | 1 . Scrap Searched . | . . Spaces Dug . | . . Terrain Destroyed . | . . Melee . | . . Projectile . | . . AOE . | . . Terrain Rammed . | . . Walls Destroyed . | . . Machines Disabled . | . . Actions | -11 -10 --------- Run | Yrd Mat Total 770 | 62 708 Wait 151 | . 151 Move 509 | 45 464 Hop . | . . Pick Up 14 | 5 9 Fast Attach 9 | 3 6 Attach 13 | 4 9 Detach 7 | . 7 Swap 6 | . 6 Drop 5 | . 5 Fire 37 | 5 32 Melee 19 | . 19 Ram . | . . Kick . | . . Crush . | . . Escape Stasis . | . . Rewire . | . . Trap . | . . Miscellaneous . | . . Route ------- -11/Scrapyard -10/Materials (discovered 3 exits: [*Mat x3]) History --------- Turn | Location | Event 25 | -11/Scrapyard | Discovered new exit (range 16) 69 | -11/Scrapyard | Entered Materials 293 | -10/Materials | Discovered new exit (range 10) 314 | -10/Materials | Build established: Mutant 431 | -10/Materials | Discovered new exit (range 3) 468 | -10/Materials | Core integrity fell below 50% 577 | -10/Materials | Discovered new exit (range 15) 648 | -10/Materials | Core integrity fell below 20% 663 | -10/Materials | Lost 6 parts (1p2n1u2w) 875 | -10/Materials | Destroyed by G-47 Trooper with Particle Gun Last Messages --------------- 00642_ G-47 Trooper destroyed. 00657_ Sml. Laser melted. 00657_ G-34 Mercenary destroyed. 00663_ Acquired Aluminum Leg. 00668_ Acquired 43 matter. 00672_ Acquired 31 matter. 00675_ Acquired 10 matter. 00770_ Acquired Huge Storage Unit. 00773_ Connecting with Terminal... >>Trojan(Botnet) Trojan loaded successfully. Testing... Terminal linked with 4 systems. Awaiting botnet instructions. 00776_ SR0NP/Q>R 7=PVSU0HURKSKYJRIF 00816_ System corrupted: Matter fused (-6). 00855_ Weight Redist. System destroyed. 00861_ Critical hit (Burn: +37). 00868_ Assault Rifle destroyed. 00870_ Aluminum Leg destroyed. Map ----- +----------------------------------------------------+ | | | | | | | ??????????????????????????###########????? | | ??????????????????????????# "T" #????? | | ??????????????????????????# #????? | | ??????????????????????????# [ #????? | | ????????????????????####### #????? | | ????????????????????# #####+#####????? | | ????????????????????# ### #??????? | | ?????????????######## #??????? | | ####?######??# # #########??????? | | #? #??#""" !# #??????????????? | | # #??#""" ### ###??????????????? | | # #??#""" #?# #????????????????? | | + """ #??# = ### ###??????????????? | | # """ #??# = # #??????????????? | | # """ #??#####+## #??????????????? | | #?######??????# #??????????????? | | #???????????### #??????????????? | | ####????????#"" #??????????????? | | !##???????#"Y #??????????????? | | !#???????#"" #??????????????? | | #???????###!!! #??????????????? | | !#?????????#!! #????????#?????? | | !#?????????#! @#?????? #?????? | | !##?????????# ##### #????? | | ####??????????#% g #????? | | #?????????#####+## " #????? | | #?????????# # g #????? | | #?????????# # ##### #????? | | #?????????# " " # ####??????????????? | | #?????????# "R" # #?????????????????? | | ####?????????# """ # #?????????????????? | | ?????????????# # #?????????????????? | | ?????????????######## #?????????????????? | | ??????????????????### ######### ????????? | | ??????????????????# #?????? | | ????############### #?????? | | ????# """ |+% < +?????? | | ????# """""=###### #?????? | | ????# """"" #????# #?????? | | ##### """""*#????## ??????? | | # # """!!#?????# ??????? | | # !%#?????# #########T##??????? | | # !!#?????# #?????????????????? | | # !#?????# #?????????????????? | | #[ !#?????# #?????????????????? | | #####+####?????# #?????????????????? | | # ### ###+### ?????????????????? | +----------------------------------------------------+ Best States ------------- Heat Dissipation 25 Energy Generation 10 Energy Capacity 250 Matter Stores 300 Matter Capacity 300 Sight Range 16 Terrain Scan Density 10 Additional Mass Support 6 Evasion (%) 55 Item Schematics ----------------- None Robot Schematics ------------------ None Fabricated ------------ Nothing Repaired ---------- Nothing Studied --------- None Alien Tech Used ----------------- None Achievements -------------- None Challenges ------------ None Game ------ Seed CarbideMolecularShooter Manual? 0 Play Time 00:28:02 Cumulative 21.3 hours Start 2026.09.04 @ 14:37:30 End 2026.09.04 @ 15:04:58 Sessions 1 Manual Loads 0 Difficulty Rogue Special Mode None Game No. 42 Rogue 42 Adventurer 0 Explorer 0 Win Type - Total 0 Types 0/0/0/0/0/0/0/0/0/0 Lore% 15 Gallery% 14 Achievement% 15 Wizard Run 0 Options --------- Layout 1 ASCII 0 Keyboard 0 Movement Numpad Keybinds 0 Fullscreen 1 Font 24/Smallcaps Map View 50x35 Zoom Use 0% Tactical HUD 1 Map Filters NONE Filters NONE Steam 1 RUN: 42df409f-3b07-45cb-a4b1-bfba1ef74ed5